 Dungeon Sprint DCSS version 0.17-a0-1248-g117de50 (webtiles) character file.

8024 Kidiri the Unseen (level 11, -3/60 HPs)
             Began as a Spriggan Assassin on June 5, 2015.
             Was a Priest of Dithmenos.
             Slain by a sphinx (8 damage)
             ... in the Dungeon (Sprint II: "The Violet Keep of Menkaure").
             The game lasted 00:26:51 (2414 turns).

Kidiri the Unseen (Spriggan Assassin)               Turns: 2414, Time: 00:26:51

Health: -3/60      AC:  5    Str:  7    XL:     11   Next: 4%
Magic:  15/15      EV: 36    Int: 13    God:    Dithmenos [***...]
Gold:   1168       SH:  0    Dex: 21    Spells: 0 memorised, 10 levels left

rFire  + + .     SeeInvis +     b - +0 blowgun
rCold  + + .     Clarity  .     l - +2 robe {rC+ rF+}
rNeg   + . .     SustAt   .     (shield restricted)
rPois  +         Gourm    .     (helmet restricted)
rElec  +         Spirit   .     d - +0 cloak
rCorr  +         Warding  +     (gloves unavailable)
rMut   .         NoTele   +     (boots unavailable)
MR     +....                    u - amulet of warding
Stlth  ++++++....               (no ring)
                                o - ring of stealth

@: confused, resistant, hasted, wreathed by umbra, very quick, somewhat
resistant to hostile enchantments, very stealthy
A: unfitting armour, see invisible, herbivore 3, speed 3, slow metabolism 2
a: Shadow Step, Renounce Religion


You were in the Dungeon.
You worshipped Dithmenos.
Dithmenos was most pleased with you.
You were not hungry.

You visited 1 branch You collected 1639 gold pieces.
You spent 471 gold pieces at shops.

Inventory:

Hand weapons
 a - a +2 dagger
 b - a +0 blowgun (weapon)
 c - a +0 arbalest
Missiles
 e - 3 poisoned needles (quivered)
 i - 21 bolts
Armour
 d - a +0 cloak (worn)
 l - a +2 robe of resistance (worn)
Jewellery
 o - a ring of stealth (left hand)
 u - an amulet of warding (around neck)
Scrolls
 m - a scroll of blinking
 q - 2 scrolls of remove curse
 r - a scroll of fog {unknown}
 w - a scroll of immolation {unknown}
 y - a scroll of identify {unknown}
 C - a scroll of magic mapping
Potions
 j - a potion of haste
 k - 5 potions of magic
 n - a potion of mutation {unknown}
 p - 7 potions of flight {unknown}
 t - a potion of agility {unknown}
 v - 2 potions of resistance
 x - a potion of invisibility {unknown}
 z - a potion of might {unknown}
 A - 2 potions of cancellation {unknown}
 B - a potion of brilliance {unknown}
Comestibles
 g - 2 bread rations
 s - a royal jelly


   Skills:
 + Level 8.3 Fighting
 * Level 14.3 Short Blades
 + Level 10.5 Throwing
 * Level 17.9 Dodging
 * Level 19.5 Stealth
 + Level 4.0 Invocations


You had 10 spell levels left.
You didn't know any spells.

Dungeon Overview and Level Annotations

Branches:
Dungeon (1/1)

Altars:
Cheibriados
Dithmenos
Elyvilon
Fedhas
Gozag
Kikubaaqudgha
Makhleb
Nemelex Xobeh
Okawaru
Qazlal
Ru
Sif Muna
Trog
Vehumet
Xom
Yredelemnul
Zin
The Shining One
Beogh
Jiyva
Lugonu

Shops:
D (:!%:?=%[}=!?[}!

Annotations:
D exclusion: oklob plant, Kirke


Innate Abilities, Weirdness & Mutations

You are tiny and cannot use many weapons and most armour.
You have supernaturally acute eyesight.
You are a herbivore.
You cover ground extremely quickly.
You need consume almost no food.


Message History

Drink which item? (? for menu, Esc to quit)
Okay, then.
Drink which item? (? for menu, Esc to quit)
Okay, then.
Drink which item? (? for menu, Esc to quit)
It was a potion of resistance.
You feel protected.
Drink which item? (? for menu, Esc to quit)
You feel yourself speed up.
The sphinx mumbles some strange words.
Something smites you!
* * * LOW HITPOINT WARNING * * *
The sphinx misses you. The sphinx completely misses you. The sphinx hits you.
* * * LOW HITPOINT WARNING * * *
The sphinx completely misses you. The sphinx hits you.
* * * LOW HITPOINT WARNING * * *
The sphinx hits you.
* * * LOW HITPOINT WARNING * * *
The sphinx barely misses you. The sphinx hits you!
You die...

#.#▓..[[.([.▓▓,,,*,*,*≈,,≈*,*
.##▓▓▓▓▓▓▓'▓▓▓▓+▓*,***≈,,≈***
≈≈≈%≈≈≈≈≈≈...≈≈≈▓,,,,,,,,**
########'###.≈≈≈▓,,,,,,,**
._._...#§§≈##≈≈≈▓,,,,,,**
_._._..#§≈≈§####▓▓▓▓▓≈**
._._._.#§§≈≈≈##.(#$$▓≈*
⌠._._._#≈§§§§§#.H#$(▓≈*
._._._.#≈§§§§≈+.@H$$▓≈*
.._._._#≈§§≈§§#.[#$.▓≈*
..._._.#§§≈≈≈§▓..#$$▓≈*
...._._#≈§≈§▓▓▓▓▓▓▓▓▓≈*
########§§§§▓z,,≈≈≈≈≈≈*
≈≈≈≈≈≈≈≈≈≈§≈▓z,,≈≈≈≈≈≈*
########≈▓▓▓▓▓▓***≈≈≈≈*
#,,,,,,#▓▓≈≈≈≈≈≈≈**≈≈≈*
#,,,,,,**≈≈≈≈≈≈≈≈≈**≈≈*


You could see 2 sphinxes.

Vanquished Creatures
  A kraken (D)
  A crystal guardian (D)
  A death yak (D)
  2 death drakes (D)
  2 deep trolls (D)
  A siren (D)
  2 spiny frogs (D)
  A yaktaur (D)
  3 polar bears (D)
  2 boulder beetles (D)
  2 hippogriffs (D)
  Menkaure (D)
  2 swamp drakes (D)
  A wasp (D)
  3 crocodiles (D)
  A hell rat (D)
  3 worms (D)
29 creatures vanquished.

Vanquished Creatures (others)
  A crocodile (D)
  181 tentacles (D)
  1320 tentacle segments (D)
1502 creatures vanquished.

Grand Total: 1531 creatures vanquished

Notes
Turn   | Place    | Note
--------------------------------------------------------------
     0 | D        | Kidiri the Spriggan Assassin began the quest for the Orb.
     0 | D        | Reached XP level 1. HP: 10/10 MP: 2/2
     4 | D        | Reached skill level 6 in Stealth
     8 | D        | Reached XP level 2. HP: 13/15 MP: 3/3
    13 | D        | Killed a crocodile
    27 | D        | Noticed a siren
    38 | D        | Killed a siren
    38 | D        | Reached skill level 7 in Short Blades
    38 | D        | Reached skill level 5 in Throwing
    38 | D        | Reached skill level 9 in Dodging
    38 | D        | Reached skill level 11 in Stealth
    38 | D        | Reached XP level 3. HP: 11/21 MP: 4/4
    38 | D        | Reached XP level 4. HP: 13/25 MP: 5/5
    38 | D        | Reached XP level 5. HP: 15/29 MP: 6/6
    38 | D        | Reached XP level 6. HP: 17/33 MP: 7/7
   190 | D        | Noticed a boulder beetle
   190 | D        | Noticed a boulder beetle
   194 | D        | Noticed a hippogriff
   194 | D        | Noticed a hippogriff
   425 | D        | Noticed an ice statue
   432 | D        | Found Citeaf Esi's Distillery.
   433 | D        | Found Vemuilom's Antique Armour Emporium.
   433 | D        | Found Mubixzij's Magic Scroll Shoppe.
   434 | D        | Found Ateano's Jewellery Emporium.
   434 | D        | Found Torph's Gadget Shoppe.
   435 | D        | Found Cesemp's Jewellery Emporium.
   435 | D        | Found Femu's Magic Scroll Shoppe.
   435 | D        | Found Fufargh's Gadget Shoppe.
   435 | D        | Found Dufih's Antique Armour Emporium.
   436 | D        | Found Orihemuo's Distillery.
   436 | D        | Found Dodax's Book Shoppe.
   437 | D        | Found Humot's Food Shoppe.
   439 | D        | Found Orchaakah's Food Shoppe.
   439 | D        | Found Heonick's Distillery.
   439 | D        | Noticed Menkaure
   439 | D        | Noticed an iron elemental
   439 | D        | Noticed an oklob plant
   440 | D        | Found Gehoifauk's Antique Weapon Shoppe.
   440 | D        | Found Ohed's Book Shoppe.
   443 | D        | Noticed a slime creature
   448 | D        | Noticed a black bear
   464 | D        | Bought a scroll of remove curse for 36 gold pieces
   469 | D        | Noticed a slime creature
   479 | D        | Killed Menkaure
   479 | D        | Reached skill level 10 in Dodging
   479 | D        | Reached skill level 12 in Stealth
   482 | D        | Noticed a slime creature
   486 | D        | Noticed a black bear
   492 | D        | Noticed a black bear
   493 | D        | Bought a scroll of magic mapping for 42 gold pieces
   515 | D        | Bought a runed robe for 15 gold pieces
   536 | D        | Bought an uncursed ring of stealth for 175 gold pieces
   551 | D        | Bought a potion of heal wounds for 65 gold pieces
   551 | D        | Bought a potion of curing for 39 gold pieces
   554 | D        | Bought a potion of curing for 33 gold pieces
   554 | D        | Bought a potion of curing for 33 gold pieces
   554 | D        | Bought a potion of curing for 33 gold pieces
   701 | D        | Killed a boulder beetle
   701 | D        | Reached XP level 7. HP: 36/38 MP: 8/8
   704 | D        | Killed a boulder beetle
   704 | D        | Reached skill level 5 in Fighting
   704 | D        | Reached skill level 13 in Stealth
   718 | D        | Killed a hippogriff
   745 | D        | Killed a hippogriff
   745 | D        | Reached skill level 14 in Stealth
   745 | D        | Reached XP level 8. HP: 29/44 MP: 9/9
   855 | D        | Noticed an electric eel
   857 | D        | Noticed an electric eel
   880 | D        | Noticed a hell rat
   882 | D        | Killed a hell rat
   907 | D        | Found a shimmering altar of Xom.
   908 | D        | Found a roughly hewn altar of Beogh.
   908 | D        | Found a deep blue altar of Sif Muna.
   908 | D        | Found an ancient bone altar of Kikubaaqudgha.
   909 | D        | Found a glowing silver altar of Zin.
   909 | D        | Found a viscous altar of Jiyva.
   909 | D        | Found a sparkling altar of Nemelex Xobeh.
   910 | D        | Found a snail-covered altar of Cheibriados.
   910 | D        | Found a basalt altar of Yredelemnul.
   910 | D        | Found an opulent altar of Gozag.
   911 | D        | Found a bloodstained altar of Trog.
   911 | D        | Found a radiant altar of Vehumet.
   911 | D        | Found a corrupted altar of Lugonu.
   912 | D        | Found a stormy altar of Qazlal.
   912 | D        | Found a blossoming altar of Fedhas.
   913 | D        | Found a sacrificial altar of Ru.
   914 | D        | Noticed a yaktaur
   914 | D        | Noticed a wasp
   914 | D        | Noticed a polar bear
   915 | D        | Found a shadowy altar of Dithmenos.
   919 | D        | Noticed a crocodile
   921 | D        | Noticed a kraken
   935 | D        | Noticed a polar bear
   935 | D        | Noticed a polar bear
   936 | D        | Killed a polar bear
   936 | D        | Reached skill level 10 in Short Blades
   938 | D        | Killed a wasp
   966 | D        | Killed a polar bear
   966 | D        | Reached skill level 15 in Stealth
  1013 | D        | Killed a polar bear
  1015 | D        | Killed a yaktaur
  1015 | D        | Reached XP level 9. HP: 38/48 MP: 10/10
  1081 | D        | Found a white marble altar of Elyvilon.
  1081 | D        | Found a burning altar of Makhleb.
  1082 | D        | Found a glowing golden altar of the Shining One.
  1082 | D        | Found an iron altar of Okawaru.
  1095 | D        | Noticed a flying skull
  1095 | D        | Noticed a flying skull
  1096 | D        | Became a worshipper of Dithmenos the Shadowed
  1102 | D        | Noticed a flying skull
  1104 | D        | Noticed a flying skull
  1105 | D        | Noticed a flying skull
  1118 | D        | Noticed a death drake
  1118 | D        | Noticed a swamp drake
  1122 | D        | Noticed a death yak
  1124 | D        | Killed a death yak
  1124 | D        | Reached skill level 16 in Stealth
  1139 | D        | Noticed a death drake
  1139 | D        | Noticed a crystal guardian
  1139 | D        | Noticed a swamp drake
  1140 | D        | Killed a swamp drake
  1142 | D        | Killed a crystal guardian
  1142 | D        | Reached skill level 15 in Dodging
  1142 | D        | Reached skill level 17 in Stealth
  1143 | D        | Killed a death drake
  1143 | D        | Reached XP level 10. HP: 53/55 MP: 11/11
  1146 | D        | Killed a death drake
  1146 | D        | Reached skill level 18 in Stealth
  1170 | D        | Killed a swamp drake
  1170 | D        | Acquired Dithmenos's first power
  1342 | D        | Noticed a spiny frog
  1343 | D        | Noticed a spiny frog
  1344 | D        | Killed a spiny frog
  1344 | D        | Reached skill level 1 in Invocations
  1346 | D        | Killed a spiny frog
  1381 | D        | Noticed an electric eel
  1381 | D        | Noticed an electric eel
  1381 | D        | Noticed an electric eel
  1381 | D        | Noticed an electric eel
  1382 | D        | Noticed an electric eel
  1383 | D        | Noticed an electric eel
  1384 | D        | Noticed an electric eel
  1385 | D        | Noticed Kirke
  1385 | D        | Noticed a yaktaur captain
  1385 | D        | Noticed a skeletal warrior
  1588 | D        | Noticed a crocodile
  1881 | D        | Killed a kraken
  1881 | D        | Reached skill level 10 in Throwing
  1881 | D        | Reached skill level 19 in Stealth
  2197 | D        | Killed a crocodile
  2203 | D        | Killed a crocodile
  2203 | D        | Acquired Dithmenos's second power
  2349 | D        | Noticed a crocodile
  2351 | D        | Killed a crocodile
  2354 | D        | Noticed a deep troll
  2355 | D        | Noticed a deep troll
  2356 | D        | Killed a deep troll
  2357 | D        | Killed a deep troll
  2357 | D        | Reached XP level 11. HP: 60/60 MP: 9/15
  2405 | D        | Noticed a sphinx
  2405 | D        | Noticed a sphinx
  2414 | D        | Slain by a sphinx

Vault maps used:
D:        the_violet_keep_of_menkaure

Action                   |  1- 3 |  4- 6 |  7- 9 | 10-12 || total
-------------------------+-------+-------+-------+-------++-------
Melee: Dagger            |    10 |    10 |    85 |    50 ||   155
       Spear             |       |     6 |       |       ||     6
 Fire: Blowgun           |     1 |       |    12 |    35 ||    48
       Arbalest          |       |       |       |    59 ||    59
Invok: Shadow Step       |       |       |       |     1 ||     1
  Use: Scroll            |       |     2 |       |       ||     2
       Potion            |       |     1 |     2 |     7 ||    10
 Stab: Sleeping          |     4 |     2 |     9 |     6 ||    21
